 Dungeon Crawl Stone Soup version 0.31.0-12-g77e489cdc1 (webtiles) character file.

Game seed: 6011531045783243054

224 Curundu the Chopper (level 5, -7/47 HPs)
             Began as a Minotaur Berserker on Feb 26, 2024.
             Was a Believer of Trog.
             Shot with a bolt by a hobgoblin (8 damage)
             ... on level 4 of the Dungeon.
             The game lasted 00:08:04 (3141 turns).

Curundu the Chopper (Minotaur Berserker)            Turns: 3141, Time: 00:08:05

Health: -7/47      AC:  4    Str: 23    XL:     5   Next: 67%
Magic:  4/4        EV: 12    Int:  4    God:    Trog [**....]
Gold:   199        SH:  0    Dex: 10    Spells: 4/4 levels left

rFire   . . .        p - +0 war axe (chaos)
rCold   . . .        (no shield)
rNeg    . . .        b - +0 animal skin
rPois   .            (helmet restricted)
rElec   .            j - +0 cloak
rCorr   .            (no gloves)
SInv    .            h - +0 pair of boots
Will    .....        (no amulet)
Stlth   +            (no ring)
HPRegen 0.27/turn    (no ring)
MPRegen 0.09/turn

%: no passive effects
@: no status effects
A: horns 2, retaliatory headbutt
a: Renounce Religion, Berserk, Trog's Hand


You were on level 4 of the Dungeon.
You worshipped Trog.
Trog was pleased with you.
You visited 1 branch of the dungeon, and saw 4 of its levels.

You collected 199 gold pieces.

Inventory:

Hand Weapons
 p - a +0 war axe of chaos (weapon)
Missiles
 c - 2 throwing nets (quivered)
Armour
 b - a +0 animal skin (worn)
 h - a +0 pair of boots (worn)
 j - a +0 cloak (worn)
Jewellery
 k - a ring of positive energy
Scrolls
 a - a scroll of identify
 f - a scroll of teleportation
Potions
 e - a potion of haste
 n - a potion of lignification {unknown}
 o - a potion of curing {unknown}


   Skills:
 + Level 4.8 Fighting
 + Level 5.6 Axes
 * Level 3.2 Armour
 + Level 3.4 Dodging
 - Level 0.1 Stealth
 * Level 1.5 Shields


You had 4 spell levels left.
You didn't know any spells.
Your spell library was empty.

Dungeon Overview and Level Annotations

Branches:
Dungeon (4/15)
 Temple: D:4-7

Altars:
Okawaru
Xom
The Shining One


Innate Abilities, Weirdness & Mutations

You have a pair of horns on your head.
You reflexively headbutt those who attack you in melee.


Message History

An adder comes into view.
Found a spear.
The adder hisses angrily.
An endoplasm comes into view.
The adder misses you.
You barely miss the adder. You headbutt the adder!
The adder is severely wounded.
The adder misses you. You furiously retaliate!
You headbutt the adder!
You kill the adder!
Trog accepts your kill.
Found a scroll of identify.
You see here an adder corpse.
The endoplasm quivers.
You slash the endoplasm!
Lightning courses through the endoplasm!
You kill the endoplasm!
Trog accepts your kill.
Found 7 gold pieces.
a - a scroll of identify You now have 199 gold pieces (gained 7).
Found a stone staircase leading down.
A hobgoblin comes into view. It is wielding a +0 arbalest.
The hobgoblin shouts!
An iguana comes into view.
The hobgoblin shoots a bolt.
The bolt hits you!
The hobgoblin shoots a bolt.
The bolt hits you!
Found a scroll labelled NOAGIWU BEOKLA.
Found an escape hatch in the floor.
The hobgoblin shoots a bolt.
The bolt barely misses you.
The iguana hisses angrily.
The hobgoblin shoots a bolt.
The bolt barely misses you.
The hobgoblin shoots a bolt.
The bolt hits you!
* * * LOW HITPOINT WARNING * * *
The hobgoblin shoots a bolt.
The bolt hits you.
* * * LOW HITPOINT WARNING * * *
The hobgoblin shoots a bolt.
The bolt misses you.
The iguana bites you but does no damage.
You hit the iguana.
The iguana seems to slow down.
You freeze the iguana.
The iguana is lightly wounded.
The hobgoblin shoots a bolt.
The bolt hits you!
You die...

.###...####....##.....,,,**,***,*
,,*#..**##..#..##......#***,**,,,
,,**#..##..###..........***,***,,
,** #>.....####...##...,,,,,***,,
,,**#...#....#.....#.#**,,,,,,,,,
,,,....###...........# **,,,,,,,*
,**#..#**####........## **,,,**,*
,,*#..,,,* ##........## **,**,,*
,,,#.,,,,* #...@l.....#***,,,,,,
,,,*,,,,,***##..........,,,,,,,,*
,,,,,,,,,*,*#...........,,,,*****
,,,,,,,,,,,,#..#.....g..,,,,,***
,,,,,,,,,,,....#........,**,,,,**
*,,,,,,,,,.........>.?..,*,,,,,,*
***,,,,,,.#'#........###**,,,,,,*
* **,,,,,,#.#.........,* ********
*,,,,,,*,*,,*,,,,,,**


You could see an iguana (slow) and a hobgoblin.

Vanquished Creatures
  2 bombardier beetles
  Crazy Yiuf (D:2)
  3 gnolls (D:4)
  4 adders
  2 dart slugs
  An orc (D:4)
  7 endoplasms
  3 giant cockroaches
  3 goblins
  3 hobgoblins
  4 jackals (D:1)
  6 kobolds
  7 ball pythons
  7 bats
  2 frilled lizards (D:1)
  6 rats
61 creatures vanquished.

Notes
Turn   | Place    | Note
-------+----------+-------------------------------------------
     0 | D:1      | Curundu the Minotaur Berserker began the quest for the Orb.
     0 | D:1      | Reached XP level 1. HP: 19/19 MP: 0/0
   109 | D:1      | Reached skill level 4 in Axes
   112 | D:1      | Reached XP level 2. HP: 26/27 MP: 1/1
   419 | D:1      | Reached ** piety under Trog
   445 | D:1      | Reached XP level 3. HP: 21/33 MP: 2/2
  1146 | D:2      | Found a runed translucent door.
  1147 | D:2      | Noticed Crazy Yiuf
  1154 | D:2      | Killed Crazy Yiuf
  1155 | D:2      | Reached skill level 5 in Axes
  1155 | D:2      | Reached XP level 4. HP: 27/41 MP: 3/3
  1817 | D:3      | Found a glowing golden altar of the Shining One.
  1818 | D:3      | Found an iron altar of Okawaru.
  1869 | D:3      | Reached XP level 5. HP: 42/47 MP: 4/4
  2791 | D:4      | Found a shimmering altar of Xom.
  2800 | D:4      | Reached skill level 1 in Shields
  2829 | D:4      | HP: 3/70 [burnt (3)]
  3139 | D:4      | HP: 1/47 [hobgoblin/bolt (5)]
  3141 | D:4      | Shot with a bolt by a hobgoblin

Illustrated notes

Levels and vault maps discovered:
D:1:      scummos_arrival_forest, layout_basic, minmay_small_reverse_x
D:2:      layout_rooms, uniq_crazy_yiuf_cottage
D:3:      layout_loops_corners, nicolae_overflow_squiral, kennysheep_path_1,
          nicolae_hexahallways
D:4:      layout_cave_pools, nicolae_overflow_crystal_walls,
          mainiacjoe_overflow_surrounded_room, uniq_natasha

Skill      XL: |  1  2  3  4  5 |
---------------+----------------+-----
Axes           | 4 5 |  5.6
Fighting       | 4 |  4.8
Dodging        | 3 |  3.4
Shields        | 1 |  1.5
Armour         | 3 |  3.2
Stealth        | |  0.1

Action                     |  1- 3 |  4- 6 || total
---------------------------+-------+-------++-------
  Melee: Hand axe          |    99 |    10 ||   109
         Headbutt          |    14 |     5 ||    19
         Punch             |     1 |       ||     1
         War axe           |       |    21 ||    21
 Invoke: Trog's Hand       |     1 |       ||     1
         Berserk           |       |     1 ||     1
    Use: Scroll            |       |     8 ||     8
 Armour: Animal skin       |    46 |    34 ||    80
  Dodge: Dodged            |    75 |    33 ||   108
